Map: Pylon LE

Players

Remarcable (uThermal)

  • Race: Terran Terran
  • League: Master
  • Spawn Location: 11:00

Krystianer - Winner!

  • Race: Protoss Protoss
  • League: Master
  • Spawn Location: 5:00

Event: FEL Cracov 2025

VOD

Have the link to the VOD?

Description

Time

  • Played on: July 27, 2025, 12:17 p.m.
  • Length: 6:07

All games in this series

Show
View Real Time Build Order
Export as new Build Order

Remarcable Terran 

Build Orders:  

Get SALT Encoding   

  12  0:00  SCV  
  13  0:12  SCV  
  14  0:17  Supply Depot  
  14  0:24  SCV  
  15  0:38  SCV  
  15  0:40  Barracks  
  16  0:43  Refinery  
  16  0:50  SCV  
  17  1:02  SCV  
  18  1:14  SCV  
  19  1:27  Marine, Orbital Command  
  20  1:45  Command Center  
  20  1:46  Barracks Reactor  
  20  1:53  SCV  
  21  1:56  Supply Depot  
  21  2:05  SCV  
  22  2:10  Barracks  
  22  2:18  SCV  
  22  2:22  Marine x2  
  23  2:25  Barracks  
  25  2:30  SCV  
  26  2:37  Bunker  
  26  2:41  Marine  
  26  2:42  SCV, Marine  
  29  2:54  SCV  
  30  2:59  Barracks Tech Lab  
  30  3:01  Orbital Command  
  30  3:02  Marine x2  
  32  3:06  SCV  
  33  3:14  Barracks Tech Lab  
  33  3:18  Marine, SCV  
  33  3:19  Stimpack  
  35  3:20  Marine x2  
  37  3:27  SCV  
  37  3:30  SCV  
  37  3:33  Combat Shield, Marine  
  40  3:36  Supply Depot  
  40  3:38  Marine x2  
  40  3:39  SCV  
  40  3:41  Marine  
  44  3:42  SCV  
  45  3:49  Supply Depot  
  45  3:51  SCV  
  46  3:57  Marine x3, SCV  
  46  3:58  Marine  
  46  4:01  Supply Depot  
  51  4:03  SCV  
  53  4:10  SCV  
  53  4:15  Marine  
  53  4:16  SCV, Marauder x2, Marine  
  60  4:21  Factory  
  60  4:22  SCV  
  61  4:25  Supply Depot  
  61  4:30  SCV  
  61  4:31  Refinery  
  62  4:33  Marine  
  62  4:35  Engineering Bay  
  62  4:36  Marine, Refinery  
  64  4:41  Marauder  
  64  4:45  Supply Depot, SCV  
  66  4:47  Marine  
  66  4:49  SCV  
  66  4:52  Marine  
  70  4:57  Marine  
  70  5:02  Marauder  
  70  5:03  SCV  
  72  5:11  Factory Reactor, Marine  
  72  5:12  SCV  
  72  5:13  Starport  
  71  5:16  Marine  
  71  5:17  Marauder  
  71  5:21  SCV  
  73  5:22  Supply Depot  
  73  5:25  SCV  
  73  5:31  Marine, Marauder  
  73  5:33  SCV  
  76  5:40  Marine  
  76  5:41  Marauder, SCV  
  80  5:47  SCV  
  80  5:57  Refinery  
  80  5:58  Factory Reactor  
Show
View Real Time Build Order
Export as new Build Order

Krystianer Protoss - Winner!

Build Orders: 1 Gate Expand, Blink Stalkers 

Get SALT Encoding   

  12  0:00  Probe  
  13  0:12  Probe  
  14  0:17  Pylon  
  14  0:22  Probe  
  15  0:31  Probe  
  15  0:39  Gateway  
  15  0:41  Probe  
  16  0:48  Assimilator  
  17  0:53  Probe  
  18  1:05  Probe  
  19  1:17  Probe  
  20  1:26  Cybernetics Core  
  20  1:33  Nexus  
  20  1:37  Probe  
  21  1:44  Pylon  
  20  1:49  Probe  
  20  1:52  Assimilator, Adept  
  21  2:01  Probe  
  22  2:03  Warp Gate  
  24  2:12  Adept  
  24  2:13  Probe  
  27  2:25  Probe  
  28  2:32  Twilight Council  
  28  2:37  Probe  
  28  2:38  Blink  
  28  2:39  Stalker  
  31  2:45  Probe  
  31  2:49  Probe  
  33  2:58  Probe  
  34  3:01  Probe  
  35  3:10  Probe  
  36  3:13  Probe  
  36  3:15  Gateway  
  37  3:21  Gateway  
  37  3:22  Probe  
  37  3:25  Probe  
  39  3:31  Robotics Facility  
  37  3:35  Probe  
  37  3:38  Probe  
  39  3:43  Pylon  
  39  3:47  Probe  
  40  3:50  Probe  
  40  3:53  Stalker  
  43  3:59  Probe  
  43  4:02  Probe  
  45  4:07  Nexus  
  45  4:11  Probe  
  45  4:12  Observer  
  45  4:13  Assimilator  
  45  4:14  Probe  
  47  4:22  Stalker x2  
  52  4:27  Probe  
  52  4:30  Pylon, Probe  
  54  4:34  Pylon  
  54  4:42  Shield Battery  
  54  4:44  Pylon  
  54  4:47  Observer  
  54  4:48  Probe x2  
  57  4:53  Stalker x2  
  57  4:56  Stalker  
  61  5:00  Probe  
  61  5:04  Probe  
  61  5:07  Immortal  
  63  5:12  Probe  
  64  5:16  Probe  
  64  5:17  Observer  
  64  5:19  Stalker x2, Probe  
  64  5:21  Stalker, Observer  
  75  5:27  Probe  
  76  5:29  Probe  
  76  5:30  Probe  
  78  5:37  Probe  
  78  5:42  Probe x2  
  81  5:47  Stalker x3  
  87  5:54  Gateway  
  87  5:55  Gateway  
  87  5:56  Pylon  
Tags
 
Add a new tag
Caveats
  • Supply blocks, unpowered buildings, or Contaminate may cause inaccurate times.
  • Supply counts are checked every 10 seconds.